 Dungeon Crawl Stone Soup version 0.30.1-11-g7821555f0a (webtiles) character file.

Game seed: 8301801689275118289

348 Okkudo the Cleaver (level 6, -2/43 (51) HPs)
             Began as a Hill Orc Monk on Dec 1, 2023.
             Slain by Edmund
             ... wielding a +2 dire flail of draining
              (13 damage)
             ... on level 4 of the Dungeon.
             The game lasted 00:09:51 (3093 turns).

Okkudo the Cleaver (Hill Orc Monk)                  Turns: 3093, Time: 00:09:52

HP:   -2/43 (51)    AC:  8    Str: 16    XL:     6   Next: 60%
MP:   6/6           EV:  7    Int: 10    God:
Gold: 218           SH:  0    Dex: 13    Spells: 5/5 levels left

rFire   . . .        v - +0 war axe
rCold   . . .        d - orb {light}
rNeg    . . .        s - +0 chain mail
rPois   .            (no helmet)
rElec   .            (no cloak)
rCorr   +            (no gloves)
SInv    .            (no boots)
Will    .....        l - amulet of regeneration Stlth
                     b - ring of resist corrosion
HPRegen 1.07/turn    (no ring)
MPRegen 0.10/turn

%: no passive effects
@: glowing, heavily drained
A: no striking features
a: no special abilities


You were on level 4 of the Dungeon.
You visited 1 branch of the dungeon, and saw 4 of its levels.

You collected 218 gold pieces.

Inventory:

Hand Weapons
 v - a +0 war axe (weapon)
Missiles
 p - 4 poisoned darts
 q - 4 javelins (quivered)
Armour
 d - an orb of light (worn)
 s - a +0 chain mail (worn)
Jewellery
 b - a ring of resist corrosion (left hand)
 j - an amulet of the acrobat
 l - an amulet of regeneration (around neck)
Scrolls
 a - 3 scrolls of vulnerability {unknown}
 e - a scroll of amnesia
 f - 2 scrolls of poison {unknown}
 m - a scroll of enchant weapon {unknown}
 n - a scroll of fear
 o - 4 scrolls of teleportation {unknown}
 t - 2 scrolls of immolation {unknown}
 u - 2 scrolls of blinking {unknown}
Potions
 c - 3 potions of ambrosia
 g - a potion of haste {unknown}
 h - a potion of invisibility
 i - 4 potions of curing
 k - a potion of heal wounds {unknown}
 r - a potion of resistance {unknown}


   Skills:
 - Level 3.6 Fighting
 * Level 9.5 Axes
 - Level 2.4 Dodging


You had 5 spell levels left.
You didn't know any spells.
Your spell library was empty.

Dungeon Overview and Level Annotations

Branches:
Dungeon (4/15)
 Temple: D:4-7

Altars:

Shops:
D:1 =   D:2 ?

Annotations:
D:4 Edmund


Message History

Edmund is wielding a +2 dire flail of draining.
Press: ? - help, v - describe, . - travel The floor.
You hit Edmund.
Edmund is lightly wounded.
Edmund hits you with a +2 dire flail of draining.
You feel drained.
You barely miss Edmund.
Edmund is lightly wounded.
Edmund says, "People think my brother is the best.
I think he's crazy."
Edmund hits you with a +2 dire flail of draining!
You feel drained.
You hit Edmund but do no damage.
Edmund is lightly wounded.
You slash the giant cockroach!
You kill the giant cockroach!
Edmund says, "A flail is better than a scythe, any day of the week!"
Edmund closely misses you.
You hit Edmund.
Edmund is lightly wounded.
Edmund hits you with a +2 dire flail of draining.
You feel drained.
You hit Edmund but do no damage.
Edmund is lightly wounded.
Edmund hits you with a +2 dire flail of draining!
You feel drained.
You hit Edmund.
Edmund is moderately wounded.
Edmund hits you with a +2 dire flail of draining!
You feel drained.
You hit Edmund.
Edmund is moderately wounded.
Edmund hits you with a +2 dire flail of draining.
* * * LOW HITPOINT WARNING * * *
You feel drained.
* * * LOW HITPOINT WARNING * * *
You hit Edmund but do no damage.
Edmund is moderately wounded.
Edmund hits you with a +2 dire flail of draining!
You die...

....#
#............##
....#
##............#
....##
#########..###
.....# #..#
....## #..#
....# #..# ...##
### #..# ...#
.....###..# ..##
......@@..# ..#
......†...# .##
........#.# .#
##.....##... .##
###... .###
..####... . ....
..
#.........#.....
..
....###..#......
....####.....


You could see Edmund.

Vanquished Creatures
  A scorpion (D:4)
  3 hounds
  An orc wizard (D:4)
  A gnoll (D:4)
  7 adders
  4 worms
  2 dart slugs
  6 orcs
  8 ball pythons
  6 bats
  6 endoplasms
  5 giant cockroaches
  4 goblins
  6 hobgoblins
  7 jackals
  3 kobolds
  A quokka (D:2)
  2 frilled lizards (D:2)
  12 rats
85 creatures vanquished.

Notes
Turn   | Place    | Note
-------+----------+-------------------------------------------
     0 | D:1      | Okkudo the Hill Orc Monk began the quest for the Orb.
     0 | D:1      | Reached XP level 1. HP: 19/19 MP: 1/1
   238 | D:1      | Reached XP level 2. HP: 26/26 MP: 2/2
   246 | D:1      | Reached skill level 5 in Axes
   326 | D:1      | Found Ukluheor's Jewellery Emporium.
   471 | D:1      | Reached XP level 3. HP: 30/31 MP: 3/3
   631 | D:2      | Reached skill level 6 in Axes
   699 | D:2      | Reached XP level 4. HP: 22/39 MP: 4/4
  1062 | D:2      | Reached skill level 7 in Axes
  1268 | D:2      | Found Foizup's Magic Scroll Boutique.
  1366 | D:2      | Reached XP level 5. HP: 44/45 MP: 5/5
  2152 | D:3      | Reached skill level 8 in Axes
  2706 | D:4      | Reached XP level 6. HP: 50/51 MP: 6/6
  2903 | D:4      | Reached skill level 9 in Axes
  3084 | D:4      | Noticed Edmund
  3093 | D:4      | Slain by Edmund

Illustrated notes

Levels and vault maps discovered:
D:1:      heliophobic_arrival_henge, layout_basic, serial_shops, shop
D:2:      minmay_razor_zed, layout_loops_ring, serial_shops, shop,
          dk_noncrumbling_4
D:3:      layout_loops_ring, serial_bayou_lagoon_a
D:4:      layout_cave_pods, grunt_ministairs_14, minmay_box_of_dots,
          uniq_grinder, uniq_edmund

Skill      XL: |  1  2  3  4  5  6 |
---------------+-------------------+-----
Axes           | 5 6 7 8 9 |  9.5
Fighting       | |  3.6
Dodging        | |  2.4

Action                     |  1- 3 |  4- 6 || total
---------------------------+-------+-------++-------
  Melee: Hand axe          |    57 |   236 ||   293
         War axe           |       |    26 ||    26
    Use: Scroll            |       |     6 ||     6
 Armour: Robe              |    13 |     6 ||    19
         Scale mail        |       |    18 ||    18
         Chain mail        |       |    65 ||    65
  Dodge: Dodged            |    41 |   100 ||   141
